 Dungeon Crawl Stone Soup version 0.21.0-30-g47ce8e4 (webtiles) character file.

6 tidbits the Caller (level 1, -2/13 HPs)
             Began as a Gnoll Summoner on Jan 29, 2018.
             Slain by a dart slug (3 damage)
             ... on level 1 of the Dungeon.
             The game lasted 00:00:53 (97 turns).

tidbits the Caller (Gnoll Summoner)                   Turns: 97, Time: 00:00:54

Health: -2/13      AC:  2    Str: 10    XL:     1   Next: 90%
Magic:  1/6        EV: 14    Int: 17    God:
Gold:   12         SH:  0    Dex: 15    Spells: 8/9 levels left

rFire    . . .     SeeInvis .   (no weapon)
rCold    . . .     Gourm    .   (no shield)
rNeg     . . .     Faith    .   a - +0 robe
rPois    .         Spirit   .   (no helmet)
rElec    .         Reflect  .   (no cloak)
rCorr    .         Harm     .   (no gloves)
MR       .....                  (no boots)
Stlth    +++.......             (no amulet)
HPRegen  0.04/turn              (no ring)
MPRegen  0.10/turn              (no ring)

@: no status effects
A: distributed training, fangs 1, strong nose
a: no special abilities


You were on level 1 of the Dungeon.
You were not hungry.

You visited 1 branch of the dungeon, and saw 1 of its levels.

You collected 12 gold pieces.

Inventory:

Armour
 a - a +0 robe (worn)
Books
 b - a book of Callings

   Spells                             Type                      Level
   a - Summon Small Mammal            Summoning                    1
   b - Call Imp                       Summoning                    2
   c - Call Canine Familiar           Summoning                    3
   d - Summon Guardian Golem          Hexes/Summoning              3
   e - Summon Lightning Spire         Summoning/Air                4
   f - Summon Ice Beast               Ice/Summoning                4
Comestibles
 c - a ration


   Skills:
 + Level 0.1 Fighting
 + Level 0.1 Short Blades
 + Level 0.1 Long Blades
 + Level 0.1 Axes
 + Level 0.1 Maces & Flails
 + Level 0.1 Polearms
 + Level 0.1 Staves
 + Level 0.1 Slings
 + Level 0.1 Bows
 + Level 0.1 Crossbows
 + Level 0.1 Throwing
 + Level 0.1 Armour
 + Level 4.4 Dodging
 + Level 4.0 Stealth
 + Level 0.1 Shields
 + Level 0.1 Unarmed Combat
 + Level 4.9 Spellcasting
 + Level 0.1 Conjurations
 + Level 0.1 Hexes
 + Level 0.1 Charms
 + Level 7.0 Summonings
 + Level 0.1 Necromancy
 + Level 0.1 Translocations
 + Level 0.1 Transmutations
 + Level 0.1 Fire Magic
 + Level 0.1 Ice Magic
 + Level 0.1 Air Magic
 + Level 0.1 Earth Magic
 + Level 0.1 Poison Magic
 + Level 0.2 Invocations
 + Level 0.1 Evocations


You had 8 spell levels left.
You knew the following spells:

 Your Spells              Type           Power        Failure   Level  Hunger
a - Summon Small Mammal   Summ           ####         1%          1    None


Dungeon Overview and Level Annotations

Branches:
Dungeon (1/15)

Altars:


Innate Abilities, Weirdness & Mutations

Your experience applies equally to all skills.
You have very sharp teeth.
Your uncanny sense of smell can sniff out nearby items.


Message History

Your quokka bites the leopard gecko.
The leopard gecko closely misses your quokka.
Your quokka completely misses the leopard gecko.
The leopard gecko bites your quokka but does no damage.
Your quokka misses the leopard gecko. The leopard gecko bites your quokka.
Your quokka closely misses the leopard gecko.
The leopard gecko bites your quokka.
Your quokka barely misses the leopard gecko.
The leopard gecko bites your quokka.
Your quokka dies!
Your quokka's corpse disappears in a puff of smoke!
The leopard gecko bites your quokka.
Your quokka bites the leopard gecko but does no damage.
The leopard gecko misses your quokka.
Your quokka barely misses the leopard gecko.
The leopard gecko bites your quokka but does no damage.
Your quokka closely misses the leopard gecko.
The leopard gecko barely misses your quokka.
Your quokka barely misses the leopard gecko.
The leopard gecko closely misses your quokka.
Your quokka bites the leopard gecko.
The leopard gecko dies!
Casting: Summon Small Mammal
Confirm with . or Enter, or press ? or * to list all spells.
Your quokka barely misses the jackal.
The jackal misses your quokka.
Your quokka barely misses the jackal.
The jackal bites your quokka but does no damage.
Your quokka bites the jackal.
The jackal bites your quokka but does no damage.
Your quokka misses the jackal. The jackal bites your quokka.
Your quokka bites the jackal.
The jackal dies!
Your quokka bites the rat but does no damage.
The rat bites your quokka.
Your quokka dies!
Your quokka's corpse disappears in a puff of smoke!
The rat barely misses your quokka.
Your quokka bites the rat.
Your quokka barely misses the rat.
The rat bites your quokka but does no damage.
Your quokka barely misses the rat.
The rat twitches its whiskers.
The rat misses your quokka.
Your quokka bites the rat.
The rat dies!
Casting: Summon Small Mammal
Confirm with . or Enter, or press ? or * to list all spells.
Your quokka bites the jackal.
The jackal completely misses your quokka.
Your quokka bites the jackal.
The jackal misses your quokka.
You swap places.
Your quokka bites the jackal.
The jackal dies!
Your quokka bites the jackal.
The jackal bites your quokka but does no damage.
Your quokka misses the jackal. The jackal barely misses your quokka.
The jackal closely misses your quokka.
Your quokka bites the jackal.
The jackal closely misses your quokka.
Your quokka bites the jackal.
The jackal dies!
Your quokka misses the jackal. The jackal bites your quokka.
Your quokka bites the jackal.
The jackal misses your quokka.
Your quokka barely misses the jackal.
The jackal closely misses your quokka. The jackal closely misses your quokka.
Your quokka completely misses the jackal.
The jackal barely misses your quokka.
Your quokka completely misses the jackal.
The jackal bites your quokka but does no damage.
Your quokka bites the jackal.
The jackal barely misses your quokka.
Your quokka completely misses the jackal.
The jackal barely misses your quokka.
Your quokka bites the jackal.
The jackal dies!
You swap places.
You swap places.
A dart slug comes into view.
Things that are here:
a jackal corpse x2; a rat corpse You see here a leopard gecko corpse.
Casting: Summon Small Mammal
Confirm with . or Enter, or press ? or * to list all spells.
Your bat disappears in a puff of smoke!
The dart slug closely misses you.
Your quokka disappears in a puff of smoke!
Your bat hits the dart slug but does no damage.
The dart slug bites you.
* * * LOW HITPOINT WARNING * * *
You hit the dart slug but do no damage.
Your bat hits the dart slug but does no damage.
The dart slug launches a dart at you. The slug dart hits you!
* * * LOW HITPOINT WARNING * * *
Casting: Summon Small Mammal
Confirm with . or Enter, or press ? or * to list all spells.
Your bat hits the dart slug but does no damage.
Your bat hits the dart slug but does no damage.
The dart slug completely misses you.
You hit the dart slug.
The dart slug is moderately wounded.
Your bat hits the dart slug but does no damage.
The dart slug bites you.
You die...

# #. #.### ...# ∆
#####.###########
+.......††......#
..#.......#######.#
.......r..# #.#
.#....@..#######.#####
......w...............#
......b...###########.#
..........# #.#
##........# #.#
#........# #.##
#.#.###### ##..# #.#.
#...# #.#..


You could see a dart slug, a friendly quokka and a friendly bat.

Vanquished Creatures (collateral kills)
  2 leopard geckos (D:1)
  4 jackals (D:1)
  A rat (D:1)
7 creatures vanquished.

Notes
Turn   | Place    | Note
-------+----------+-------------------------------------------
     0 | D:1      | tidbits the Gnoll Summoner began the quest for the Orb.
     0 | D:1      | Reached XP level 1. HP: 13/13 MP: 6/6
    94 | D:1      | HP: 1/13 [dart slug/slug dart (2)]
    97 | D:1      | Slain by a dart slug

Action                   || total
-------------------------++-------
Melee: Unarmed           ||     2
 Cast: Summon Small Mamm ||    11
Dodge: Dodged            ||     4

Table legend:
 A = Turns spent in this place as a percentage of turns spent in the entire game.
 B = Non-inter-level travel turns spent in this place as a percentage of non-inter-level travel turns spent in the entire game.
 C = Inter-level travel turns spent in this place as a percentage of turns spent in this place.
 D = Turns resting spent in this place as a percentage of non-inter-level travel turns spent in this place.
 E = Turns spent auto-exploring this place as a percentage of non-inter-level travel turns spent in this place.
 F = Non-inter-level travel turns spent in this place divided by the number of levels of this place that you've seen.
                   A       B       C       D       E      F
               +-------+-------+-------+-------+-------+----------------------
         Total | 100.0 | 100.0 |   0.0 |   0.0 |   0.0 |  97.0
       Dungeon | 100.0 | 100.0 |   0.0 |   0.0 |   0.0 |  97.0
               +-------+-------+-------+-------+-------+----------------------

Table legend:
 A = Kills in this place as a percentage of kills in entire the game.
 B = Kills by you in this place as a percentage of kills by you in the entire game.
 C = Kills by friends in this place as a percentage of kills by friends in the entire game.
 D = Other kills in this place as a percentage of other kills in the entire game.
 E = Experience gained in this place as a percentage of experience gained in the entire game.
 F = Experience gained in this place divided by the number of levels of this place that you have seen.
                   A       B       C       D       E      F
               +-------+-------+-------+-------+-------+----------------------
         Total | 100.0 |   N/A | 100.0 |   N/A | 100.0 |   9.0
       Dungeon | 100.0 |   N/A | 100.0 |   N/A | 100.0 |   9.0
               +-------+-------+-------+-------+-------+----------------------

Vault maps used:
D:1:      tarquinn_simple_flora_water_f
